 Dungeon Crawl Stone Soup version 0.31-a0-692-gf03d1854d5 (webtiles) character file.

Game seed: 1103949964417724532

25 qw the Shooter (level 3, 0/21 HPs)
             Began as a Gargoyle Hunter on Sept 6, 2023.
             Slain by a gnoll
             ... wielding a +0 club
              (5 damage)
             ... on level 1 of the Dungeon.
             The game lasted 00:00:20 (984 turns).

qw the Shooter (Gargoyle Hunter)                     Turns: 984, Time: 00:00:20

Health: 0/21       AC:  6    Str: 14    XL:     3   Next: 6%
Magic:  3/3        EV: 11    Int:  9    God:
Gold:   62         SH:  0    Dex: 15    Spells: 2/2 levels left

rFire   . . .        Y - +0 shortbow (drain)
rCold   . . .        (shield currently unavailable)
rNeg    + . .        c - +0 leather armour
rPois   inf          (no helmet)
rElec   +            (no cloak)
rCorr   .            (no gloves)
SInv    .            (no boots)
Will    .....        (no amulet)
Stlth   ++           (no ring)
HPRegen 0.23/turn    (no ring)
MPRegen 0.08/turn

%: no passive effects
@: mighty, about to teleport, weak-willed
A: sickness immunity, AC +3, negative energy resistance 1, electricity
resistance, torment resistance 1, petrification resistance
a: no special abilities


You were on level 1 of the Dungeon.
You visited 1 branch of the dungeon, and saw 2 of its levels.

You collected 62 gold pieces.


Innate Abilities, Weirdness & Mutations

You are immune to sickness and miasma.
Your stone body is resilient. (AC +3)
You are immune to poison.
You resist negative energy. (rN+)
You are resistant to electric shocks. (rElec)
You are resistant to unholy torment.
You are immune to petrification.


   Skills:
 - Level 2.1 Fighting
 + Level 4.9 Ranged Weapons
 - Level 1.5 Dodging
 - Level 1.1 Stealth


You had 2 spell levels left.
You didn't know any spells.
Your spell library was empty.

Inventory:

Hand Weapons
 Y - a +0 shortbow of draining (weapon)
Armour
 c - a +0 leather armour (worn)
Potions
 d - a potion of might
 f - a potion of resistance {unknown}

Dungeon Overview and Level Annotations

Branches:
Dungeon (2/15)

Altars:


Message History

You drop a scroll of vulnerability.
Done exploring.
What level of the Dungeon? (default 1, ? - help)
There is a stone staircase leading down here.
You climb downwards.
The gnoll shouts! x2; The kobold shouts!
The gnoll shouts! x2
Found 10 gold pieces and a scroll of vulnerability.
There is a stone staircase leading up here.
There are monsters nearby!
Waypoint 1 assigned to D:2.
978 |||
Found retreat position at -1,0 (floor) with 0 blocking monsters and 4 monsters attacking at destination at distance 1
978 ||| STAIRDANCE The gnoll hits you with a +0 club.
The gnoll hits you with a +0 flail. The kobold barely misses you.
The gnoll hits you with a +0 whip.
You climb upwards.
There is a stone staircase leading down here.
Enter note:
Enter note:
Enter note:
Enter note:
980 |||
Found retreat position at 0,1 (gnoll; floor) with 0 blocking monsters and 1 monsters attacking at destination at distance 1
Enter note:
Enter note:
Enter note:
Enter note: You shoot an arrow.
The arrow completely misses the gnoll.
The gnoll hits you with a +0 club. The gnoll hits you with a +0 whip.
981 |||
Found retreat position at 0,1 (gnoll; floor) with 0 blocking monsters and 1 monsters attacking at destination at distance 1 You shoot an arrow.
The arrow barely misses the gnoll.
The gnoll closely misses you. x2
You shoot an arrow. The arrow barely misses the gnoll.
The gnoll barely misses you. The gnoll hits you but does no damage.
You shoot an arrow. The arrow hits the gnoll.
The gnoll is heavily wounded.
The gnoll hits you but does no damage. The gnoll hits you with a +0 whip.
984 ||| READING scroll of teleportation.
As you read the scroll of teleportation, it crumbles to dust.
You feel strangely unstable. The gnoll hits you with a +0 club.
You die...

#.......# #.......##.#.##
#.......# #.......##.#...
#.......###.......##.####
#.......'....#....#......
#.......######.########..
#....................##..
#.......K######..###.....
#.####+#g#.......# #####.
#.####.#@#.......#####.+.
#....#.#g#.#.#......##.#.
#........#######.##.##.#%
#......##.....%#.....#.#.
##...####.####%####......
#...# #.####.# ###...#+
##'#####....#.# #.......
#......###.#.###.......
###'######.#...'.......


You could see 2 gnolls and a kobold.

Vanquished Creatures
  A dart slug (D:1)
  2 endoplasms (D:1)
  A goblin (D:1)
  5 hobgoblins (D:1)
  3 jackals (D:1)
  A kobold (D:1)
  5 frilled lizards (D:1)
  4 rats (D:1)
22 creatures vanquished.

Notes
Turn   | Place    | Note
-------+----------+-------------------------------------------
     0 | D:1      | qw the Gargoyle Hunter began the quest for the Orb.
     0 | D:1      | Reached XP level 1. HP: 12/12 MP: 1/1
     0 | D:1      | 0 ||| qw: Version: 0.3-a-76-g4403597
     0 | D:1      | 0 ||| qw: Game counter: 106
     0 | D:1      | 0 ||| qw: Melee chars always use a shield: true
     0 | D:1      | 0 ||| qw: God list: Okawaru
     0 | D:1      | 0 ||| qw: Allow faded altars: false
     0 | D:1      | 0 ||| qw: Do Orc after clearing Dungeon:15 true
     0 | D:1      | 0 ||| qw: Do second Lair branch before Depths: true
     0 | D:1      | 0 ||| qw: Lair rune preference: random
     0 | D:1      | 0 ||| qw: Goals: Normal
     0 | D:1      | 0 ||| PLANNING D:1-11
   127 | D:1      | Reached XP level 2. HP: 14/17 MP: 2/2
   266 | D:1      | Found a faded altar of an unknown god.
   721 | D:1      | Reached XP level 3. HP: 19/21 MP: 3/3
   952 | D:1      | 952 ||| DROPPING ring of wizardry.
   953 | D:1      | 953 ||| READING 2 scrolls labelled JUANYO PORETS.
   956 | D:1      | 956 ||| READING 2 scrolls labelled SEMUMY VOHA.
   957 | D:1      | 957 ||| READING scroll labelled IQOPRI TEOSCH.
   958 | D:1      | 958 ||| READING scroll labelled ETHRISIPRIUTS.
   959 | D:1      | 959 ||| DRINKING 2 smoky golden potions.
   960 | D:1      | 960 ||| DROPPING scroll of butterflies.
   961 | D:1      | 961 ||| DROPPING scroll of vulnerability.
   978 | D:2      | 978 ||| STAIRDANCE
   983 | D:1      | HP: 4/21 [gnoll/+0 whip (3)]
   984 | D:1      | 984 ||| READING scroll of teleportation.
   984 | D:1      | Slain by a gnoll

Levels and vault maps discovered:
D:1:      arrival_zaba_pyramid, layout_basic, shapermc_ecumenical_altar_ellora
D:2:      layout_loops_ring, uniq_terence

Action                     || total
---------------------------++-------
   Fire: Shortbow          ||    83
    Use: Scroll            ||     5
         Potion            ||     1
 Armour: Leather armour    ||    61
  Dodge: Dodged            ||    49

Table legend:
 A = Non-vault XP
 B = Vault XP
 C = Vault XP percentage of total XP
 D = Non-vault monster count
 E = Vault monster count
 F = Vault count percentage of total count
                 A         B        C        D         E       F
            +---------+---------+-------+---------+---------+-------
      Total |      37 |       0 |   0.0 |      22 |       0 |   0.0
            +---------+---------+-------+---------+---------+-------
        D:1 |      37 |       0 |   0.0 |      22 |       0 |   0.0
            +---------+---------+-------+---------+---------+-------
